 Dungeon Crawl Stone Soup version 0.29.1-12-g30fa7ad0bf (webtiles) character file.

Game seed: 15676467661527262548

60 funkygono the Firebug (level 3, -1/24 HPs)
             Began as a Demonspawn Fire Elementalist on Jan 3, 2023.
             Succumbed to Sigmund's poison
             ... on level 2 of the Dungeon.
             The game lasted 00:02:34 (1511 turns).

funkygono the Firebug (DsFE)                        Turns: 1511, Time: 00:02:34

Health: -1/24      AC:  5    Str:  8    XL:     3   Next: 82%
Magic:  6/6        EV: 12    Int: 27    God:
Gold:   118        SH:  0    Dex: 13    Spells: 3/6 levels left

rFire   . . .      SeeInvis .   e - +0 club
rCold   . . .      Faith    .   (no shield)
rNeg    . . .      Spirit   .   a - +0 robe
rPois   .          Reflect  .   c - +0 helmet {Int+3}
rElec   .          Harm     .   (no cloak)
rCorr   .          Rampage  .   d - +0 pair of gloves
Will    .....                   (no boots)
Stlth   ++........              (no amulet)
HPRegen 0.08/turn               j - +6 ring of intelligence
MPRegen 0.10/turn               (no ring)

@: lethally poisoned (-1 -> -24)
A: rugged brown scales 1, demonic guardian 1
a: no special abilities


You were on level 2 of the Dungeon.
You visited 1 branch of the dungeon, and saw 2 of its levels.

You collected 118 gold pieces.

Inventory:

Hand Weapons
 e - a +0 club (weapon)
Missiles
 h - 2 throwing nets
Armour
 a - a +0 robe (worn)
 c - a +0 helmet of intelligence (worn)
 d - a +0 pair of gloves (worn)
Jewellery
 j - a +6 ring of intelligence (left hand)
Potions
 f - a potion of might
 g - a potion of berserk rage


   Skills:
 + Level 2.1 Dodging
 - Level 1.7 Stealth
 + Level 2.4 Spellcasting
 + Level 1.6 Conjurations
 + Level 3.7 Fire Magic


You had 3 spell levels left.
You knew the following spells:

 Your Spells              Type           Power      Damage    Failure   Level
a - Foxfire               Conj/Fire      68%        2x1d7     3%          1
b - Scorch                Fire           46%        2d7       3%          2

Your spell library contained the following spells:

 Spells                   Type           Power      Damage    Failure   Level
 Conjure Flame            Conj/Fire      17%        6-21      10%         3
 Inner Flame              Hex/Fire       13%        N/A       13%         3
 Flame Wave               Conj/Fire      17%        2d7       30%         4


Dungeon Overview and Level Annotations

Branches:
Dungeon (2/15)

Altars:

Annotations:
D:2 Sigmund


Innate Abilities, Weirdness & Mutations

You are partially covered in rugged brown scales. (AC +1, +3% HP)
A weak demonic guardian rushes to your aid.


Message History

Casting: Foxfire (safe; 3% risk of failure)
Confirm with . or Enter, or press ? or * to list all spells.
Flames lash Sigmund.
Sigmund shouts!
Sigmund is lightly wounded.
Sigmund's fire resistance burns away.
You hear an angry hiss.
The foxfire hits Sigmund!
Sigmund is burned terribly!
Sigmund is moderately wounded.
Sigmund gestures wildly while chanting.
Sigmund flickers and vanishes!
Deactivating autopickup; reactivate with Ctrl-A.
Casting: Scorch (safe; 3% risk of failure)
Confirm with . or Enter, or press ? or * to list all spells.
You don't know that spell.
Casting: Scorch (safe; 3% risk of failure)
Confirm with . or Enter, or press ? or * to list all spells.
You conjure some foxfire!
A ball python comes into view.
Unknown command.
Found a stone staircase leading up.
The foxfire hits something but does no damage.
The foxfire hits something.
The foxfire hits something but does no damage.
Something hits you!
You are poisoned.
Casting: Foxfire (safe; 3% risk of failure)
Confirm with . or Enter, or press ? or * to list all spells.
You conjure some foxfire!
You feel very sick.
Casting: Foxfire (safe; 3% risk of failure)
Confirm with . or Enter, or press ? or * to list all spells.
You conjure some foxfire!
You feel very sick.
The foxfire hits something. x2; Something hits you!
* * * LOW HITPOINT WARNING * * *
A demonic guardian appears!
You are more poisoned.
Magic courses through your body.
You die...

. #.<.......### (
#.........#..
#..>^.......
#.......?.# .
#.....S..$# .
#.........#
#...5§v...#
#...§@v...#
######.#### #.#
#.# #.# #.# #.#
#### #.# ####...
#.#########....#.


You could see a ball python (ally target) and a friendly ufetubus (summoned).

Vanquished Creatures
  Robin (D:2)
  An adder (D:2)
  4 endoplasms
  A giant cockroach (D:1)
  10 goblins
  5 hobgoblins
  2 jackals (D:1)
  A quokka (D:2)
  A ball python (D:1)
  3 bats
  5 kobolds
  2 rats (D:1)
36 creatures vanquished.

Vanquished Creatures (others)
  87 foxfires
87 creatures vanquished.

Grand Total: 123 creatures vanquished

Notes
Turn   | Place    | Note
-------+----------+-------------------------------------------
     0 | D:1      | funkygono the Demonspawn Fire Elementalist began the quest
                  | for the Orb.
     0 | D:1      | Reached XP level 1. HP: 13/13 MP: 3/3
    85 | D:1      | Reached skill level 3 in Fire Magic
   355 | D:1      | Gained mutation: You are partially covered in rugged brown
                  | scales. (AC +1, +3% HP) [demonic ancestry]
   355 | D:1      | Reached XP level 2. HP: 13/19 MP: 1/5
   742 | D:1      | Learned a level 2 spell: Scorch
   970 | D:1      | Found a faded altar of an unknown god.
  1139 | D:2      | Noticed Robin
  1166 | D:2      | Gained mutation: A weak demonic guardian rushes to your
                  | aid. [demonic ancestry]
  1166 | D:2      | Reached XP level 3. HP: 20/24 MP: 4/6
  1281 | D:2      | Killed Robin
  1502 | D:2      | Noticed Sigmund
  1511 | D:2      | Succumbed to Sigmund's poison

Illustrated notes

Levels and vault maps discovered:
D:1:      roderic_crop_circles_arrival_small, layout_basic,
          dreamdust_ecumenical_altar_hidden_monk_grotto
D:2:      layout_rooms, uniq_robin, uniq_sigmund

Skill      XL: |  1  2  3 |
---------------+----------+-----
Fire Magic     | 3 |  3.7
Dodging        | 2 |  2.1
Stealth        | |  1.7
Spellcasting   | |  2.4
Conjurations   | |  1.6

Action                   || total
-------------------------++-------
Melee: Club              ||     6
 Cast: Foxfire           ||    49
       Scorch            ||     8
  Use: Scroll            ||     3
       Potion            ||     1
Armor: Robe              ||    30
Dodge: Dodged            ||    26
